 Dungeon Crawl Stone Soup version 0.24.1-14-gf8d2b509d9 (webtiles) character file.

Game seed: 12234226559068763496, levelgen mode: deterministic

10442 Hugehornet the Severer (level 11, -3/60 HPs)
             Began as a Gargoyle Fighter on May 25, 2020.
             Was an Elder of Cheibriados.
             Slain by a white ugly thing (34 damage)
             ... on level 13 of the Dungeon.
             The game lasted 00:24:22 (10867 turns).

Hugehornet the Severer (Gargoyle Fighter)          Turns: 10867, Time: 00:24:23

Health: -3/60      AC: 23    Str: 30    XL:     11   Next: 62%
Magic:  11/11      EV:  5    Int: 20    God:    Cheibriados [****..]
Gold:   107        SH: 11    Dex: 18    Spells: 10/10 levels left

rFire    . . .     SeeInvis +   M - +4 war axe (freeze)
rCold    . . .     Gourm    .   c - +0 shield
rNeg     + + .     Faith    .   B - +1 plate armour {rPois}
rPois    ∞         Spirit   .   z - +1 helmet {SInv}
rElec    +         Reflect  .   q - +0 cloak
rCorr    +         Harm     .   (no gloves)
MR       .....                  (no boots)
Stlth    ..........             J - amulet of the acrobat
HPRegen  0.20/turn              I - ring of positive energy
MPRegen  0.12/turn              p - ring of resist corrosion

@: very slow
A: negative energy resistance 1, electricity resistance, unbreathing,
petrification resistance, rot immunity, AC +8
a: Bend Time, Temporal Distortion, Slouch, Renounce Religion


You were on level 13 of the Dungeon.
You worshipped Cheibriados.
Cheibriados was greatly pleased with you.
You were hungry.

You visited 2 branches of the dungeon, and saw 12 of its levels.

You collected 473 gold pieces.
You spent 366 gold pieces at shops.

Inventory:

Hand Weapons
 a - a +0 war axe
 k - a +0 trident
 w - a +1 whip of holy wrath
 x - a +0 hand axe of electrocution
 D - a +1 whip of flaming
 M - a +4 war axe of freezing (weapon)
Armour
 c - a +0 shield (worn)
 q - a +0 cloak (worn)
 z - a +1 helmet of see invisible (worn)
 B - a +1 plate armour of poison resistance (worn)
Jewellery
 i - an uncursed amulet of the gourmand
 p - a ring of resist corrosion (right hand)
 E - an uncursed ring of wizardry
 I - a ring of positive energy (left hand)
 J - an amulet of the acrobat (around neck)
Wands
 y - a wand of polymorph (8)
 A - a wand of acid (11)
Scrolls
 g - 7 scrolls of teleportation
 h - 3 scrolls of enchant weapon
 j - a scroll of enchant armour {unknown}
 l - 6 scrolls of remove curse
 m - a scroll of amnesia {unknown}
 n - a scroll of blinking {unknown}
 o - 5 scrolls of fear
 s - 2 scrolls of fog {unknown}
 u - a scroll of summoning {unknown}
 H - 2 scrolls of identify
 K - a scroll of immolation
 L - a scroll of magic mapping
Potions
 b - 2 potions of mutation {unknown}
 d - 2 potions of flight
 e - 2 potions of invisibility
 r - 2 potions of curing
 t - a potion of brilliance
 C - 2 potions of lignification
 F - a potion of cancellation {unknown}
 G - a potion of haste {unknown}
Comestibles
 f - 28 rations


   Skills:
 - Level 3.2 Fighting
 + Level 15.6 Axes
 - Level 3.2 Armour
 - Level 3.2 Shields


You had 10 spell levels left.
You didn't know any spells.
Your spell library contained the following spells:

 Spells                   Type           Power        Failure   Level  Hunger
 Apportation              Tloc           #.....       100%        1    ##.....
 Flame Tongue             Conj/Fire      #....        100%        1    ##.....
 Freeze                   Ice            #...         100%        1    ##.....
 Magic Dart               Conj           #...         100%        1    ##.....
 Shock                    Conj/Air       #...         100%        1    ##.....
 Sting                    Conj/Pois      #...         100%        1    ##.....
 Blink                    Tloc           N/A          100%        2    ###....
 Call Imp                 Summ           #.......     100%        2    ###....
 Slow                     Hex            #.......     100%        2    ###....
 Conjure Flame            Conj/Fire      #.......     100%        3    ####...
 Mephitic Cloud           Conj/Pois/Air  #.......     100%        3    ####...


Dungeon Overview and Level Annotations

Branches:
Dungeon (10/15)            Temple (1/1) D:4             Orc (0/2) D:9
   Lair: D:8-11

Altars:
Ashenzari
Cheibriados
Dithmenos
Elyvilon
Fedhas
Gozag
Hepliaklqana
Kikubaaqudgha
Makhleb
Nemelex Xobeh
Okawaru
Qazlal
Ru
Sif Muna
Trog
Uskayaw
Vehumet
Wu Jian
Xom
Yredelemnul
Zin
The Shining One
Beogh

Shops:
D:8 ?


Innate Abilities, Weirdness & Mutations

You are resistant to torment.
Your stone body is resilient. (AC +8)
You are immune to poison.
You resist negative energy. (rN+)
You are resistant to electric shocks. (rElec)
You can survive without breathing.
You are immune to petrification.
You are immune to rotting.


Message History

The green ugly thing is almost dead.
You hit the green ugly thing. You freeze the green ugly thing.
The green ugly thing is almost dead.
The green ugly thing tail-slaps you but does no damage.
You hit the green ugly thing. You freeze the green ugly thing.
The green ugly thing is almost dead.
You block the green ugly thing's attack.
You slash the green ugly thing! You freeze the green ugly thing.
You kill the green ugly thing!
Cheibriados appreciates the change of pace.
The white ugly thing engulfs you. The white ugly thing freezes you!!
Ouch! That really hurt!
You are too injured to fight recklessly!
You are too injured to fight recklessly!
You are too injured to fight recklessly!
You feel better.
The tengu warrior hits you but does no damage.
The white ugly thing engulfs you. The white ugly thing freezes you!!
Ouch! That really hurt!
You die...

#############
#...........#
#.#########.# #@#
#####)### #u#
#.......# #Q#
#.###.#.#### #.#
............
#.......###.#.)..)
#...............#(
.........##.##..#[
......... #.##..#(
#......... ..
#..#.


You could see a white ugly thing and a tengu warrior.

Vanquished Creatures
  Nessos (D:13)
  A centaur warrior (D:13)
  A two-headed ogre (D:13)
  Pikel (D:7)
  An ugly thing (D:13)
  2 deep elf magi (D:13)
  2 trolls
  A hippogriff (D:8)
  Sigmund (D:4)
  A wyvern (D:9)
  A vampire (D:10)
  3 yaks (D:13)
  A steam dragon (D:9)
  A hungry ghost (D:7)
  A warg (D:9)
  A water moccasin (D:9)
  Duvessa (D:5)
  2 slaves (D:7)
  4 ice beasts
  3 sky beasts
  3 orc warriors
  3 black bears
  An ogre (D:7)
  10 centaurs
  6 bullfrogs
  3 big kobolds
  A water moccasin zombie (D:7)
  Dowan (D:5)
  A wyvern skeleton (D:13)
  2 scorpions
  A howler monkey (D:8)
  8 crimson imps
  2 centaur zombies
  4 hounds
  3 jellies
  A bullfrog zombie (D:6)
  Crazy Yiuf (D:3)
  A centaur skeleton (D:5)
  9 orc priests
  3 iguanas
  A bullfrog skeleton (D:6)
  6 worker ants
  4 orc wizards
  A hound zombie (D:8)
  A hound skeleton (D:5)
  2 worker ant zombies (D:8)
  A howler monkey skeleton (D:9)
  3 gnolls (D:5)
  10 adders
  A shadow imp (D:10)
  An ooze (D:4)
  An adder zombie (D:9)
  5 worms
  3 dart slugs
  2 leopard geckos
  19 orcs
  7 bats
  4 giant cockroaches
  4 goblins
  12 hobgoblins
  9 jackals
  19 kobolds
  4 quokkas
  6 ball pythons
  A ball python skeleton (D:4)
  6 frilled lizards
  2 leopard gecko skeletons
  A quokka skeleton (D:6)
  7 rats
  A spectral orc (D:7)
238 creatures vanquished.

Vanquished Creatures (others)
  A slave (D:7)
  2 orcs (D:9)
3 creatures vanquished.

Grand Total: 241 creatures vanquished

Notes
Turn   | Place    | Note
-------+----------+-------------------------------------------
     0 | D:1      | Hugehornet the Gargoyle Fighter began the quest for the
                  | Orb.
     0 | D:1      | Reached XP level 1. HP: 14/14 MP: 1/1
   110 | D:1      | You fall into a shaft and drop 1 floor!
   130 | D:2      | Reached skill level 2 in Axes
   163 | D:2      | Reached XP level 2. HP: 18/19 MP: 2/2
   405 | D:2      | Found a white marble altar of Elyvilon.
   411 | D:2      | Found a hide-covered altar of Uskayaw.
   445 | D:2      | Found an ornate altar of the Wu Jian Council.
   482 | D:2      | Reached skill level 3 in Axes
   558 | D:2      | Reached XP level 3. HP: 23/23 MP: 3/3
  1539 | D:2      | Reached XP level 4. HP: 24/28 MP: 4/4
  2281 | D:3      | Reached skill level 4 in Axes
  2551 | D:3      | Found an opulent altar of Gozag.
  3085 | D:3      | Found a runed translucent door.
  3086 | D:3      | Noticed Crazy Yiuf
  3753 | D:3      | Killed Crazy Yiuf
  3753 | D:3      | Reached XP level 5. HP: 32/32 MP: 5/5
  3827 | D:4      | Found a staircase to the Ecumenical Temple.
  3866 | D:4      | Reached skill level 5 in Axes
  4168 | D:4      | Noticed Sigmund
  4184 | D:4      | Killed Sigmund
  4184 | D:4      | Reached skill level 6 in Axes
  4184 | D:4      | Reached XP level 6. HP: 28/37 MP: 6/6
  4191 | D:4      | Found a stormy altar of Qazlal.
  4210 | Temple   | Entered the Ecumenical Temple
  4418 | Temple   | Became a worshipper of Cheibriados the Contemplative
  4623 | D:4      | Reached XP level 7. HP: 41/41 MP: 7/7
  5060 | D:5      | Entered Level 5 of the Dungeon
  5153 | D:5      | Reached skill level 7 in Axes
  5647 | D:5      | Noticed Duvessa
  5647 | D:5      | Noticed Dowan
  5659 | D:5      | Killed Duvessa
  5659 | D:5      | Reached * piety under Cheibriados
  5659 | D:5      | Reached skill level 8 in Axes
  5663 | D:5      | Killed Dowan
  5663 | D:5      | Reached XP level 8. HP: 46/46 MP: 8/8
  6309 | D:6      | Reached skill level 9 in Axes
  6893 | D:7      | Noticed Pikel
  6900 | D:7      | Reached skill level 10 in Axes
  6905 | D:7      | Killed Pikel
  6905 | D:7      | Reached XP level 9. HP: 38/51 MP: 9/9
  6912 | D:7      | Reached ** piety under Cheibriados
  7026 | D:7      | Reached skill level 11 in Axes
  7828 | D:7      | Found a basalt altar of Yredelemnul.
  7928 | D:7      | Reached skill level 12 in Axes
  8128 | D:8      | Reached *** piety under Cheibriados
  8275 | D:8      | Reached XP level 10. HP: 54/56 MP: 10/10
  8373 | D:8      | Found a hazy altar of Hepliaklqana.
  8480 | D:8      | Found Ulupidaw's Magic Scroll Emporium.
  8483 | D:8      | Found a shimmering altar of Xom.
  8505 | D:8      | Bought a scroll of enchant weapon for 112 gold pieces
  8505 | D:8      | Bought a scroll of noise for 15 gold pieces
  8505 | D:8      | Bought a scroll of immolation for 52 gold pieces
  8505 | D:8      | Bought a scroll of magic mapping for 52 gold pieces
  8505 | D:8      | Bought a scroll of teleportation for 45 gold pieces
  8512 | D:8      | Bought a scroll of identify for 30 gold pieces
  8512 | D:8      | Bought a scroll of identify for 30 gold pieces
  8512 | D:8      | Bought a scroll of identify for 30 gold pieces
  8690 | D:8      | Found a roughly hewn altar of Beogh.
  9108 | D:9      | Reached skill level 13 in Axes
  9125 | D:9      | Reached **** piety under Cheibriados
  9137 | D:9      | Found a staircase to the Orcish Mines.
  9412 | D:9      | Found a burning altar of Makhleb.
  9489 | D:9      | Identified An Initiation to Witchcraft
 10013 | D:10     | Entered Level 10 of the Dungeon
 10253 | D:10     | You fall into a shaft and drop 3 floors!
 10253 | D:13     | Noticed a deep elf mage
 10258 | D:13     | Noticed Nessos
 10258 | D:13     | Noticed a deep elf mage
 10266 | D:13     | Reached skill level 14 in Axes
 10278 | D:13     | Killed Nessos
 10278 | D:13     | Reached XP level 11. HP: 27/60 MP: 11/11
 10285 | D:13     | Killed a deep elf mage
 10422 | D:13     | Killed a deep elf mage
 10622 | D:13     | Noticed a centaur warrior
 10630 | D:13     | Noticed a two-headed ogre
 10636 | D:13     | Killed a centaur warrior
 10636 | D:13     | Reached skill level 15 in Axes
 10644 | D:13     | Killed a two-headed ogre
 10848 | D:13     | Noticed a white ugly thing
 10849 | D:13     | Noticed a brown ugly thing
 10857 | D:13     | Noticed a tengu warrior
 10866 | D:13     | Killed a green ugly thing
 10867 | D:13     | Slain by a white ugly thing

Levels and vault maps discovered:
D:1:      nicolae_arrival_somewhat_less_tricky_arrival, layout_basic
D:2:      layout_basic, minitemple
D:3:      layout_basic, grunt_gozag_statues, first_ration, eino_tiny_chamber,
          uniq_crazy_yiuf_cottage
D:4:      layout_basic, grunt_qazlal_sundering, minmay_temple_entry_trees,
          uniq_sigmund
D:5:      layout_loops_ring, uniq_duvessa
D:6:      layout_gridville
D:7:      layout_loops_ring, yredelemnul_forgotten_temple_becter,
          minmay_strange_pillars, kennysheep_minor_cross, st_stairs_7,
          grunt_ogre_cave, uniq_pikel
D:8:      layout_layer_cave, lemuel_coloured_pillars_altar, lemuel_round_altar,
          serial_shops, nicolae_shop_stone, david_defended_altar_orc
D:9:      layout_small_grid, lemuel_round_altar, david_orc_3
D:10:     kennysheep_windowed_halls, layout_basic, minivault_13
D:13:     layout_loops_ring, skrybe_vaults_entry_preservation, serial_shops,
          nicolae_shop_stone, basic_altar, uniq_urug, uniq_nessos
Temple:   dshaligram_water_room_temple

Skill      XL: |  1  2  3  4  5  6  7  8  9 10 11 |
---------------+----------------------------------+-----
Axes           | 2 3 4 6 8 10 12 14 15 | 15.6
Fighting       | |  3.2
Armour         | |  3.2
Shields        | |  3.2

Action                   |  1- 3 |  4- 6 |  7- 9 | 10-12 || total
-------------------------+-------+-------+-------+-------++-------
Melee: War axe           |   124 |   182 |    90 |   119 ||   515
       Hand axe          |       |       |   276 |   124 ||   400
Invok: Slouch            |       |       |       |     2 ||     2
  Use: Scroll            |       |       |     6 |     4 ||    10
       Potion            |       |       |     4 |     3 ||     7
  Eat: Chunk             |     2 |    10 |    11 |     3 ||    26
Armor: Scale mail        |    64 |    98 |    20 |       ||   182
       Plate armour      |       |       |   200 |   124 ||   324
Dodge: Dodged            |    33 |    60 |    54 |    73 ||   220
Block: Shield            |    60 |    92 |   144 |   150 ||   446
